 Dungeon Crawl Stone Soup version 0.21-a0-471-gd587bd5 (webtiles) character file.

133 Laiders the Chopper (level 4, 0/39 HPs)
             Began as a Minotaur Berserker on Nov 21, 2017.
             Was a Believer of Trog.
             Killed by nerve-wracking pain
             ... invoked by an orc priest
              (7 damage)
             ... on level 3 of the Dungeon.
             The game lasted 00:04:54 (2171 turns).

Laiders the Chopper (Minotaur Berserker)            Turns: 2171, Time: 00:04:54

Health: 0/39       AC:  7    Str: 23    XL:     4   Next: 94%
Magic:  3/3        EV: 11    Int:  4    God:    Trog [**....]
Gold:   118        SH:  0    Dex:  9    Spells: 3/3 levels left

rFire    . . .     SeeInvis .   j - +0 hand axe (flame)
rCold    . . .     Gourm    .   (no shield)
rNeg     . . .     Faith    .   d - +0 ring mail
rPois    .         Spirit   .   (helmet restricted)
rElec    .         Reflect  .   (no cloak)
rCorr    .         Harm     .   l - +0 pair of gloves
MR       .....                  e - +0 pair of boots
Stlth    ..........             (no amulet)
HPRegen  0.13/turn              (no ring)
MPRegen  0.08/turn              (no ring)

@: confused
A: retaliatory headbutt, horns 2
a: Berserk, Trog's Hand, Burn Spellbooks, Renounce Religion


You were on level 3 of the Dungeon.
You worshipped Trog.
Trog was pleased with you.
You were not hungry.

You visited 1 branch of the dungeon, and saw 3 of its levels.

You collected 118 gold pieces.

Inventory:

Hand Weapons
 j - a +0 hand axe of flaming (weapon)
Armour
 d - a +0 ring mail (worn)
 e - a +0 pair of boots (worn)
 l - a +0 pair of gloves (worn)
Jewellery
 s - an uncursed amulet of harm {unknown}
Scrolls
 i - a scroll of enchant weapon {unknown}
 k - a scroll of teleportation {unknown}
 p - a scroll of remove curse
 q - a scroll of random uselessness {unknown}
 r - a scroll of enchant armour {unknown}
 t - a scroll of noise {unknown}
 u - a scroll of fear {unknown}
Potions
 a - a potion of invisibility
 b - a potion of degeneration {unknown}
 f - a potion of might
 g - a potion of heal wounds
 h - a potion of haste {unknown}
 n - a potion of ambrosia {unknown}
 o - a potion of lignification {unknown}
Comestibles
 c - 2 bread rations
 m - 2 chunks of flesh
 v - 9 fruits


   Skills:
 - Level 3.6 Fighting
 + Level 6.9 Axes
 - Level 2.4 Armour
 - Level 2.1 Dodging


You had 3 spell levels left.
You didn't know any spells.

Dungeon Overview and Level Annotations

Branches:
Dungeon (3/15)

Altars:
Ru
Wu Jian


Innate Abilities, Weirdness & Mutations

You reflexively headbutt those who attack you in melee.
You have a pair of horns on your head.


Message History

You are confused.
You're too confused to move!
The orc wizard hits you but does no damage.
You hit the orc wizard. You burn the orc wizard.
You kill the orc wizard!
Trog accepts your kill.
Trog appreciates your killing of a magic user.
An orc comes into view. It is wielding a dagger of venom.
You hit the orc priest. You burn the orc priest.
The orc priest is moderately wounded.
The orc priest mumbles some strange prayers to Beogh against you.
Pain shoots through your body!
* * * LOW HITPOINT WARNING * * *
You hit the orc priest. You burn the orc priest.
Your headbutt misses the orc priest.
The orc priest is severely wounded.
The orc priest hits you but does no damage.
The orc priest invokes the aid of Beogh against you.
Pain shoots through your body!
You die...

#.#.######
.....oo..#
###.####@##
###.#.##
..###.#
###.#..#
#)#.# #.#.##
#....#
########.#.#
........_..#


You could see an orc priest and an orc.

Vanquished Creatures
  An orc wizard (D:3)
  Robin (D:2)
  2 adders (D:2)
  2 oozes (D:1)
  A worm (D:2)
  2 dart slugs
  5 leopard geckos
  An orc (D:3)
  A giant cockroach (D:1)
  17 goblins
  4 hobgoblins
  5 jackals
  3 bats
  2 frilled lizards
  4 kobolds
  6 rats
57 creatures vanquished.

Notes
Turn   | Place    | Note
-------+----------+-------------------------------------------
     0 | D:1      | Laiders the Minotaur Berserker began the quest for the Orb.
     0 | D:1      | Reached XP level 1. HP: 19/19 MP: 0/0
    87 | D:1      | Reached skill level 4 in Axes
   116 | D:1      | Reached XP level 2. HP: 20/26 MP: 1/1
   276 | D:1      | Reached skill level 5 in Axes
   491 | D:1      | Reached XP level 3. HP: 22/31 MP: 2/2
  1063 | D:2      | Reached ** piety under Trog
  1454 | D:2      | Noticed Robin
  1456 | D:2      | Reached XP level 4. HP: 39/39 MP: 3/3
  1459 | D:2      | Reached skill level 6 in Axes
  1468 | D:2      | Killed Robin
  1648 | D:2      | Found a sacrificial altar of Ru.
  2149 | D:3      | Found an ornate altar of the Wu Jian Council.
  2171 | D:3      | Killed from afar by an orc priest

Vault maps used:
D:1:      dpeg_arrival_signposts, st_stairs_14, hex_large
D:2:      nicolae_ru_path_of_blood, first_bread, guppyfry_early_lair_pool,
          uniq_robin
D:3:      lemuel_coloured_pillars_altar, lemuel_crystal_altar, elyvilon_altar_3

Skill      XL: |  1  2  3  4 |
---------------+-------------+-----
Axes           | 4 5 6 |  6.9
Fighting       | |  3.6
Armour         | |  2.4
Dodging        | |  2.1

Action                   |  1- 3 |  4- 6 || total
-------------------------+-------+-------++-------
Melee: Hand axe          |    80 |    35 ||   115
       Headbutt          |    10 |     5 ||    15
Invok: Berserk           |     2 |       ||     2
       Trog's Hand       |     2 |       ||     2
  Use: Scroll            |     3 |     1 ||     4
  Eat: Chunk             |     3 |     3 ||     6
Armor: Ring mail         |    28 |    21 ||    49
Dodge: Dodged            |    50 |    26 ||    76

Table legend:
 A = Spawn XP
 B = Non-spawn XP
 C = Spawn XP percentage of total XP
 D = Spawn monster count
 E = Non-spawn monster count
 F = Spawn count percentage of total count
 G = Total turns spent on level
                    A         B        C        D         E        F      G
               +---------+---------+-------+---------+---------+-------+---------
         Total |       0 |     191 |   0.0 |       0 |      57 |   0.0 |  2171
               +---------+---------+-------+---------+---------+-------+---------
           D:1 |       0 |      48 |   0.0 |       0 |      22 |   0.0 |  1054
           D:2 |       0 |      99 |   0.0 |       0 |      31 |   0.0 |  1058
           D:3 |       0 |      44 |   0.0 |       0 |       4 |   0.0 |    59
               +---------+---------+-------+---------+---------+-------+---------
